 Dungeon Sprint DCSS version 0.28-a0-476-g0f06bd746f (webtiles) character file.

Game seed: 5419122003139236776

114 dduke234 the Skirmisher (level 4, -5/41 HPs)
             Began as a Demonspawn Berserker on Sept 16, 2021.
             Was a Follower of Trog.
             Slain by Sigmund (11 damage)
             ... in the Dungeon (Sprint I: "Red Sonja").
             The game lasted 00:01:03 (235 turns).

dduke234 the Skirmisher (Demonspawn Berserker)       Turns: 235, Time: 00:01:03

Health: -5/41      AC:  2    Str: 18    XL:     4   Next: 67%
Magic:  4/4        EV: 12    Int:  9    God:    Trog [*.....]
Gold:   54         SH:  0    Dex: 12    Spells: 3/3 levels left

rFire   . . .      SeeInvis .   a - +0 mace
rCold   . . .      Faith    .   (no shield)
rNeg    . . .      Spirit   .   b - +0 animal skin
rPois   .          Reflect  .   (no helmet)
rElec   .          Harm     .   (no cloak)
rCorr   .          Rampage  .   (no gloves)
Will    .....      NoTele   +   (no boots)
Stlth   +.........              (no amulet)
HPRegen 0.13/turn               (no ring)
MPRegen 0.09/turn               (no ring)

@: confused, mighty, on berserk cooldown, slowed, very slow
A: hooves 1, powered by pain 1
a: Renounce Religion, Berserk


You were in the Dungeon.
You worshipped Trog.
Trog was aware of your devotion.
You visited 1 branch You collected 54 gold pieces.

Inventory:

Hand Weapons
 a - a +0 mace (weapon)
Armour
 b - a +0 animal skin (worn)
Scrolls
 h - a scroll of blinking
Potions
 c - a potion of curing
 d - a potion of heal wounds
 e - a potion of haste
 f - 2 potions of magic


   Skills:
 * Level 6.8 Fighting
 * Level 6.3 Maces & Flails
 + Level 2.7 Armour
 + Level 2.6 Dodging


You had 3 spell levels left.
You didn't know any spells.
Your spell library was empty.

Dungeon Overview and Level Annotations

Branches:
Dungeon (1/1)

Altars:

Annotations:
D Sigmund


Innate Abilities, Weirdness & Mutations

You have large cloven feet.
You sometimes gain a little power by taking damage.


Message History

You open the door.
Sigmund the Dreaded comes into view.
He is wielding a +5 scythe of protection.
There is an open door here.
A red film seems to cover your vision as you go berserk!
You feel yourself moving faster!
You feel mighty!
You feel a strong urge to attack something.
Sigmund points at you and mumbles some strange words.
You are confused.
There is an open door here.
You barely miss Sigmund. You kick Sigmund!
Sigmund is moderately wounded.
Sigmund hits you with a +5 scythe of protection.
You're too confused to move!
You bump into the rock wall.
You feel a strong urge to attack something.
Sigmund hits you with a +5 scythe of protection!
You are no longer berserk.
You are exhausted.
You feel yourself slow down.
There is an open door here.
You bump into the rock wall.
Sigmund hits you from afar with a +5 scythe of protection!
You focus on the pain.
You feel very mighty all of a sudden.
You bump into the rock wall.
You feel less confused.
Sigmund casts a spell.
Sigmund flickers and vanishes!
Deactivating autopickup; reactivate with Ctrl-A.
You hear some strange, mumbled words.
Something tries to affect you, but you resist.
There is an open door, spattered with blood here.
Something barely misses you.
You barely miss something. You kick something.
You hear some strange, mumbled words.
You are confused.
Something hits you!
* * * LOW HITPOINT WARNING * * *
You're too confused to move!
Something hits you!
You die...

#############
#<.#..').#..+
#..').#.@{..#
#..#####'####
#..# #..#
#..# ####
#..# #⌠⌠#
####


There were no monsters in sight!

Vanquished Creatures
  An ogre (D)
  Ijyb (D)
2 creatures vanquished.

Notes
Turn   | Place    | Note
-------+----------+-------------------------------------------
     0 | D        | dduke234 the Demonspawn Berserker began the quest for the
                  | Orb.
     0 | D        | Reached XP level 1. HP: 18/18 MP: 1/1
     1 | D        | Noticed Ijyb
    10 | D        | Killed Ijyb
    11 | D        | Gained mutation: You have large cloven feet. [demonic
                  | ancestry]
    11 | D        | Reached XP level 2. HP: 24/26 MP: 2/2
   141 | D        | Noticed an ogre
   145 | D        | Killed an ogre
   146 | D        | Gained mutation: You sometimes gain a little power by
                  | taking damage. [demonic ancestry]
   146 | D        | Reached XP level 3. HP: 35/35 MP: 3/3
   146 | D        | Reached XP level 4. HP: 41/41 MP: 4/4
   220 | D        | Noticed Sigmund
   235 | D        | Slain by Sigmund

Illustrated notes

Levels and vault maps discovered:
D:        dungeon_sprint_1 [red_sonja_temple_1, red_sonja_temple_small_1]

Skill      XL: |  1  2 |
---------------+-------+-----
Fighting       | 4 6 |  6.8
Maces & Flails | 4 6 |  6.3
Armour         | 2 |  2.7
Dodging        | 2 |  2.6

Action                   |  1- 3 |  4- 6 || total
-------------------------+-------+-------++-------
Melee: Mace              |    10 |     2 ||    12
       Kick              |       |     2 ||     2
Invok: Berserk           |     1 |     1 ||     2
  Use: Potion            |     1 |       ||     1
Dodge: Dodged            |     4 |     1 ||     5

Table legend: (Time is in decaauts)
 A = Elapsed time spent in this place.
 B = Non-inter-level travel time spent in this place.
 C = Inter-level travel time spent in this place.
 D = Time resting spent in this place.
 E = Time spent auto-exploring this place.
 F = Levels seen in this place.
 G = Mean time per level.
                   A        B        C        D        E       F      G
               +--------+--------+--------+--------+--------+-----+--------+
         Total |    260 |    260 |      0 |      0 |      1 |   1 |  260.0 |
       Dungeon |    260 |    260 |      0 |      0 |      1 |   1 |  260.0 |
               +--------+--------+--------+--------+--------+-----+--------+

Top non-repeatable levels by time:
       D: 260 daAuts
